AoeStats
← bkg45

Pilgrims

509431737Analyzed
4v4 RM · 5d ago on Sep 26, 2026· 47m 47s· 8 players
Game mode
Random Map
Map size
Large (8 player)
Population
200
Speed
Normal
Resources
Standard
Victory
Conquest
Starting age
Dark Age
Ending age
Imperial Age
RankedLock teamsTeams togetherTeam positionsShared explorationLock speedFull tech treeHidden civsTurbo modeCheats
Victory
Defeat
🇷🇺 Byzantines · Russia
1398
+13
🇺🇸 Danes · United States
1344
+15
🇺🇸 Koreans · United States
1307
+17
🇪🇬 Portuguese · Egypt
1272
+18
🇬🇧 Dravidians · United Kingdom
1386
-18
🇩🇰 Italians · Denmark
1384
-17
🇺🇸 Vietnamese · United States
1303
-15
🇬🇧 Varangians · United Kingdom
1252
-13
Fortune_Finder
7:53 Loom
10:29 Feudal Age
12:00 Man-at-Arms
19:20 Wheelbarrow
26:27 Castle Age
24:27 Stone Mining
25:03 Fletching
25:15 Padded Archer Armor
27:47 Thumb Ring
33:29 Bodkin Arrow
33:58 Elite Skirmisher
35:19 Double-Bit Axe
40:12 Ballistics
44:30 Imperial Age
45:14 Leather Archer Armor
47:40 Gold Mining
abli30
10:44 Loom
12:48 Feudal Age
13:53 Double-Bit Axe
16:35 Castle Age
14:38 Fletching
17:32 Medium Warships
17:18 Bodkin Arrow
18:12 Town Watch
19:02 Wheelbarrow
19:26 Bow Saw
22:14 Padded Archer Armor
22:10 Elite Skirmisher
23:32 Ballistics
23:30 Leather Archer Armor
34:28 Imperial Age
34:56 Hand Cart
37:29 Guilds
BALDWIN IV
12:18 Feudal Age
10:35 Loom
14:24 Forging
15:41 Wheelbarrow
15:00 Double-Bit Axe
19:44 Castle Age
19:05 Fletching
20:15 Horse Collar
20:53 Bodkin Arrow
20:56 Loom
24:16 Ballistics
25:48 Careening
25:51 Medium Warships
26:45 Hand Cart
36:49 Scale Barding Armor
36:55 Town Watch
40:14 Town Patrol
45:24 Imperial Age
43:19 Bow Saw
44:18 Iron Casting
44:03 Chain Barding Armor
45:20 Bloodlines
45:10 Husbandry
45:32 Cavalier
47:15 Plate Barding Armor
Mr_Chucklz
11:26 Feudal Age
11:48 Fishing Lines
12:28 Loom
13:09 Fletching
18:17 Castle Age
16:43 Double-Bit Axe
20:05 Bow Saw
25:09 Padded Archer Armor
25:12 Elite Skirmisher
25:58 Thumb Ring
27:33 Bodkin Arrow
27:54 Leather Archer Armor
28:42 Horse Collar
29:09 Gillnets
33:18 Imperial Age
31:41 Scale Barding Armor
31:47 Forging
33:05 Chain Barding Armor
32:51 Chatras
33:45 Gold Mining
33:28 Elite Battle Elephant
34:46 Bloodlines
35:18 Imperial Skirmisher
37:10 Plate Barding Armor
37:13 Husbandry
38:11 Bracer
39:57 Iron Casting
43:12 Ballistics
44:03 Wheelbarrow
45:28 Chemistry
44:34 Siege Engineers
Watermelon
2:51 Loom
11:00 Feudal Age
20:31 Double-Bit Axe
24:34 Castle Age
27:51 Medium Warships
28:17 Gold Mining
29:10 Wheelbarrow
37:08 Horse Collar
41:24 Imperial Age
40:09 Fletching
40:22 Padded Archer Armor
41:00 Elite Skirmisher
41:04 Pikeman
42:14 Bodkin Arrow
42:51 Leather Archer Armor
42:53 Bracer
43:44 Conscription
44:38 Ballistics
44:48 Bow Saw
46:17 Scale Mail Armor
47:30 Chain Mail Armor
48:31 Plate Mail Armor
Thor Odinson
4:37 Loom
13:39 Feudal Age
14:08 Fishing Lines
15:08 Wheelbarrow
19:12 Castle Age
19:06 Gold Mining
19:40 Double-Bit Axe
20:40 Bow Saw
20:35 Fletching
21:15 Gillnets
21:33 Bodkin Arrow
21:39 Padded Archer Armor
23:35 Gold Shaft Mining
26:33 Hand Cart
29:22 Imperial Age
28:45 Leather Archer Armor
30:57 Elite Longship
32:18 Bracer
33:36 Town Watch
35:37 Ring Archer Armor
35:25 Medium Warships
36:33 Clinker Construction
36:35 Careening
36:37 Clinker Construction
38:50 Ballistics
39:15 Stone Mining
40:41 Carvel Hull
40:42 Dry Dock
44:15 Forging
44:05 Scale Mail Armor
45:30 Iron Casting
44:17 Capped Ram
44:23 Northmen's Fury
45:16 Siege Engineers
46:07 Chain Mail Armor
46:37 Conscription
45:53 Siege Ram
47:30 Heavy Warships
48:38 Conscription
Azab
5:11 Loom
11:06 Feudal Age
12:00 Double-Bit Axe
12:09 Horse Collar
18:18 Castle Age
16:45 Fletching
18:02 Padded Archer Armor
18:27 Crossbowman
19:08 Bodkin Arrow
22:18 Medium Warships
25:06 Gold Mining
30:45 Imperial Age
28:30 Bow Saw
29:18 Ballistics
30:33 Leather Archer Armor
31:12 Heavy Plow
31:53 Wheelbarrow
33:01 Hand Cart
34:10 Chemistry
32:52 Fishing Lines
34:07 Bracer
34:38 Town Watch
35:12 Arbalester
41:10 Arquebus
41:59 Ring Archer Armor
bkg45
4:36 Loom
12:17 Feudal Age
13:00 Double-Bit Axe
16:22 Castle Age
14:10 Fishing Lines
14:17 Horse Collar
15:01 Town Watch
17:22 Bow Saw
17:52 Heavy Plow
18:56 Fletching
19:40 Bodkin Arrow
23:49 Ballistics
32:18 Imperial Age
33:09 Bracer
34:44 Chemistry
34:47 Thumb Ring
35:31 Conscription
36:05 Scale Mail Armor
36:16 Forging
37:20 Chain Mail Armor
39:13 Plate Mail Armor
39:50 Iron Casting
39:36 Elite Fire Lancer
41:33 Arson
43:20 Squires
44:40 Gold Mining
46:04 Wheelbarrow
Connection lost

Rejoining the realm…

Still unreachable

The connection could not be restored.

Session expired

The server has moved on; the page needs a fresh start.